 Dungeon Crawl Stone Soup version 0.28.0 (webtiles) character file.

Game seed: 4269167459037378458

331 crazypyro the Chopper (level 6, 0/78 HPs)
             Began as a Minotaur Fighter on Feb 9, 2022.
             Was an Initiate of Gozag.
             Succumbed to a water moccasin's poison
             ... on level 4 of the Dungeon.
             The game lasted 00:04:34 (4255 turns).

crazypyro the Chopper (Minotaur Fighter)            Turns: 4255, Time: 00:04:34

Health: 0/78       AC: 23    Str: 20 (23) XL:     6   Next: 26%
Magic:  5/5        EV:  2    Int:  4 (5)  God:    Gozag
Gold:   241        SH:  4    Dex:  6 (9)  Spells: 5/5 levels left

rFire   . . .      SeeInvis .   a - +0 war axe
rCold   . . .      Faith    .   c - +0 buckler
rNeg    . . .      Spirit   .   (armour currently unavailable)
rPois   +          Reflect  .   (helmet currently unavailable)
rElec   .          Harm     .   (cloak currently unavailable)
rCorr   .          Rampage  .   (gloves currently unavailable)
Will    .....      NoTele   +   (boots currently unavailable)
Stlth   +.........              (no amulet)
HPRegen 0.23/turn               (no ring)
MPRegen 0.09/turn               (no ring)

@: lethally poisoned (0 -> -4), tree-form
A: stationary, stasis, torment immunity, boosted hp, (horns 2), (retaliatory
headbutt), (iridescent scales 1), (electricity resistance)
a: Renounce Religion, Potion Petition, Call Merchant, Bribe Branch


You were on level 4 of the Dungeon.
You worshipped Gozag.
Gozag was aware of your devotion.
You were a tree.
You visited 1 branch of the dungeon, and saw 5 of its levels.

You collected 267 gold pieces.
You paid 26 gold pieces to Gozag.

Inventory:

Hand Weapons
 a - a +0 war axe (weapon)
 q - a +2 whip of flaming
Armour
 b - a +0 scale mail (melded)
 c - a +0 buckler (worn)
 i - a +2 robe of positive energy
 j - a +2 pair of gloves
 x - a +0 pair of gloves (melded)
Jewellery
 B - a ring of protection from fire
Wands
 t - a wand of iceblast (1)
 z - a wand of flame (6)
Scrolls
 e - 3 scrolls of fog {unknown}
 h - 3 scrolls of identify {unknown}
 k - a scroll of vulnerability {unknown}
 m - a scroll of amnesia {unknown}
 n - a scroll of blinking {unknown}
 p - a scroll of brand weapon {unknown}
 s - a scroll of immolation {unknown}
 v - a scroll of teleportation {unknown}
 y - 2 scrolls of silence {unknown}
 A - a scroll of enchant armour {unknown}
Potions
 d - a potion of might
 l - 2 potions of resistance
 o - a potion of lignification


   Skills:
 - Level 4.0 Fighting
 * Level 7.4 Axes
 - Level 4.0 Armour
 - Level 4.0 Shields


You had 5 spell levels left.
You didn't know any spells.
Your spell library contained the following spells:

 Spells                   Type           Power      Damage    Failure   Level
 Ensorcelled Hibernation  Hex/Ice        0%         N/A       73%         2
 Passwall                 Tmut/Erth      0%         N/A       73%         2
 Swiftness                Air            0%         N/A       91%         3


Dungeon Overview and Level Annotations

Branches:
Dungeon (5/15)             Temple (0/1) D:4

Altars:
Gozag
Ru
Zin
The Shining One

Shops:
D:4 [

Annotations:
D:5 Grinder


Innate Abilities, Weirdness & Mutations

You are a tree.
Your roots penetrate the ground, keeping you stationary.
You cannot be teleported.
You are immune to unholy pain and torment.
Your maximum health is greatly increased.
Your equipment is partially melded.
((You have a pair of horns on your head.))
((You reflexively headbutt those who attack you in melee.))
((You are partially covered in iridescent scales. (AC +2)))
((You are resistant to electric shocks. (rElec)))


Message History

You feel attractive to monsters.
* * * LOW HITPOINT WARNING * * *
You feel very sick. The water moccasin bites you.
* * * LOW HITPOINT WARNING * * *
The water moccasin bites you but does no damage.
It was a potion of cancellation.
Your magical effects are unravelling.
You feel magically purged.
Your resistance to elements expires.
* * * LOW HITPOINT WARNING * * *
You feel very sick.
The water moccasin bites you but does no damage.
You feel less attractive to monsters.
It was a potion of lignification.
You turn into a tree.
Your +0 pair of gloves melds into your body.
Your +0 scale mail melds into your body.
Your roots penetrate the ground.
* * * LOW HITPOINT WARNING * * *
You feel sick.
The water moccasin bites you but does no damage.
It was a potion of mutation.
You feel extremely strange.
Iridescent scales grow over part of your body.
You feel insulated.
* * * LOW HITPOINT WARNING * * *
You feel sick.
The water moccasin bites you but does no damage.
The water moccasin bites you.
* * * LOW HITPOINT WARNING * * *
It was a potion of degeneration.
There was something very wrong with that liquid.
You feel weakened.
You feel dopey.
You feel clumsy.
* * * LOW HITPOINT WARNING * * *
You feel sick.
The water moccasin bites you but does no damage.
Unknown command.
You miss the water moccasin.
The water moccasin is almost dead.
You die...
Your body crumbles into a pile of gold.

##....#...## #####........# #.
.#....#....# #........# #.
.#....#...## #........# ##.
.'....#....# #.#+##+### #..
.#....####.# #####.......# #..
.#.........# #....#......# #..
.'.........# #....######## #..
.#.........# #....#.....######..
.##'##.....####.♣..#.....#.>..#..
###..#..........S..'.....#....#..
..#..'.............#.....#....#..
.###'#.............#.....##...#..
.#.............########'###...#..
##.............#..........#...#..
......#'########..........#...#..
...)..#........#..##.....##...#..
......#........#..##.....##...###


You could see a water moccasin.

Vanquished Creatures
  A jelly (D:2)
  An orc priest (D:4)
  Ijyb (D:3)
  Natasha (thrice) (D:2)
  An orc wizard (D:4)
  A howler monkey zombie (D:3)
  Robin (D:2)
  3 adders
  A dart slug (D:3)
  13 orcs
  6 bats
  7 endoplasms
  A giant cockroach (D:1)
  17 goblins
  4 hobgoblins
  3 jackals (D:2)
  7 kobolds
  4 quokkas (D:1)
  4 ball pythons
  A frilled lizard (D:1)
  2 rats (D:1)
82 creatures vanquished.

Notes
Turn   | Place    | Note
-------+----------+-------------------------------------------
     0 | D:1      | crazypyro the Minotaur Fighter began the quest for the Orb.
     0 | D:1      | Reached XP level 1. HP: 19/19 MP: 0/0
   382 | D:1      | Reached XP level 2. HP: 27/27 MP: 1/1
  1149 | D:2      | Reached skill level 3 in Axes
  1154 | D:2      | Reached XP level 3. HP: 33/33 MP: 2/2
  1293 | D:2      | Found a faded altar of an unknown god.
  1311 | D:2      | Noticed Robin
  1322 | D:2      | Killed Robin
  1379 | D:2      | Reached skill level 4 in Axes
  1450 | D:2      | Noticed Natasha
  1454 | D:2      | Killed Natasha
  1455 | D:2      | Reached XP level 4. HP: 36/40 MP: 3/3
  1458 | D:2      | Reached skill level 5 in Axes
  1708 | D:2      | Found a sacrificial altar of Ru.
  1869 | D:2      | Noticed Natasha
  1877 | D:2      | Killed Natasha
  1878 | D:2      | Reached XP level 5. HP: 45/46 MP: 4/4
  2006 | D:2      | Noticed Natasha
  2010 | D:2      | Killed Natasha
  2070 | D:3      | Reached skill level 6 in Axes
  2153 | D:3      | Found an opulent altar of Gozag.
  2781 | D:3      | Noticed Ijyb
  2793 | D:3      | Killed Ijyb
  3010 | D:3      | Became a worshipper of Gozag Ym Sagoz the Greedy
  3133 | D:4      | Found a glowing silver altar of Zin.
  3366 | D:4      | Reached skill level 7 in Axes
  3366 | D:4      | Reached XP level 6. HP: 23/52 MP: 5/5
  3645 | D:4      | Found a glowing golden altar of the Shining One.
  4044 | D:4      | Found Wada's Dragon-Slaying Spoils.
  4109 | D:4      | Found a staircase to the Ecumenical Temple.
  4218 | D:5      | Entered Level 5 of the Dungeon
  4221 | D:5      | Noticed Grinder
  4221 | D:5      | Noticed a water moccasin
  4253 | D:4      | Gained mutation: You are partially covered in iridescent
                  | scales. (AC +2) [potion of mutation]
  4253 | D:4      | Gained mutation: You are resistant to electric shocks.
                  | (rElec) [potion of mutation]
  4253 | D:4      | HP: 2/78 [water moccasin (3)]
  4255 | D:4      | Succumbed to a water moccasin's poison

Illustrated notes

Levels and vault maps discovered:
D:1:      dpeg_arrival_arbitrary_b, layout_loops_ring, grunt_decor_junction
D:2:      layout_loops_ring, basic_altar, dreamdust_ecumenical_altar_statues,
          uniq_natasha, uniq_robin
D:3:      layout_loops_corners, lemuel_tele_altar, mrwooster_statue_mirror,
          uniq_ijyb
D:4:      layout_gridville, tso_metal_star, zin_treasury,
          minmay_temple_entry_poolview, nicolae_shop_dragon_depot, minivault_1,
          minivault_14
D:5:      layout_cave_pools, kennysheep_generic_room_11, uniq_pikel,
          uniq_grinder, uniq_menkaure

Skill      XL: |  1  2  3  4  5 |
---------------+----------------+-----
Shields        | 4 |  4.0
Armour         | 4 |  4.0
Fighting       | 4 |  4.0
Axes           | 3 4 5 7 |  7.4

Action                   |  1- 3 |  4- 6 || total
-------------------------+-------+-------++-------
Melee: War axe           |    65 |   126 ||   191
       Headbutt          |     8 |    15 ||    23
  Use: Potion            |       |     8 ||     8
Armor: Scale mail        |    35 |    54 ||    89
       Skin              |       |     3 ||     3
Dodge: Dodged            |    34 |    50 ||    84
Block: Buckler           |    13 |    19 ||    32
